 Dungeon Crawl Stone Soup version 0.27-a0-1200-g94dc6ad4cf (webtiles) character file.

Game seed: 5386572230196874189

2576 Feb132020 the Conjurer (level 9, -1/51 HPs)
             Began as a Gargoyle Earth Elementalist on May 30, 2021.
             Was an Initiate of Sif Muna.
             Slain by Maggie
             ... wielding a +2 morningstar of flaming
              (2 damage)
             ... on level 7 of the Dungeon.
             The game lasted 00:42:03 (10877 turns).

Feb132020 the Conjurer (GrEE)                      Turns: 10877, Time: 00:42:03

Health: -1/51      AC:  9    Str: 12    XL:     9   Next: 57%
Magic:  0/17       EV: 16    Int: 18    God:    Sif Muna [......]
Gold:   669        SH:  0    Dex: 11    Spells: 12/19 levels left

rFire    + . .     SeeInvis .   k - +1 mace
rCold    x . .     Faith    .   (no shield)
rNeg     + . .     Spirit   .   c - +0 robe
rPois    ∞         Reflect  .   (no helmet)
rElec    +         Harm     .   (no cloak)
rCorr    .         Rampage  .   s - +0 pair of gloves
Will     .....                  (no boots)
Stlth    ++........             (no amulet)
HPRegen  0.17/turn              u - ring of fire
MPRegen  0.15/turn              v - +4 ring of evasion

@: mesmerised
A: sickness immunity, AC +6, negative energy resistance 1, electricity
resistance, torment resistance 1, petrification resistance
a: Renounce Religion


You were on level 7 of the Dungeon.
You worshipped Sif Muna.
Sif Muna was noncommittal.
You visited 2 branches of the dungeon, and saw 8 of its levels.
You also visited: Sewer.

You collected 669 gold pieces.

Inventory:

Hand Weapons
 h - a +0 club
 k - a +1 mace (weapon)
Missiles
 b - 60 stones
 g - a throwing net
Armour
 c - a +0 robe (worn)
 s - a +0 pair of gloves (worn)
Jewellery
 j - a ring of see invisible
 u - a ring of fire (left hand)
 v - a +4 ring of evasion (right hand)
Wands
 a - a wand of charming (7)
Scrolls
 d - a scroll of magic mapping
 f - a scroll of enchant armour
 o - 3 scrolls of fear
Potions
 e - a potion of flight
 i - a potion of brilliance
 l - 3 potions of heal wounds {unknown}
 m - 3 potions of might
 n - a potion of magic {unknown}
 p - a potion of curing {unknown}
 q - a potion of experience {unknown}
 r - a potion of berserk rage {unknown}
 t - a potion of haste {unknown}


   Skills:
 + Level 3.4 Fighting
 + Level 5.3 Maces & Flails
 + Level 3.3 Dodging
 + Level 4.2 Stealth
 + Level 5.9 Spellcasting
 + Level 6.7 Conjurations
 + Level 0.7 Transmutations
 + Level 6.4 Earth Magic


You had 12 spell levels left.
You knew the following spells:

 Your Spells              Type           Power      Damage    Failure   Level
a - Sandblast             Erth           56%        2d13      1%          1
b - Magic Dart            Conj           100%       1d8       1%          1
c - Stone Arrow           Conj/Erth      58%        3d10      2%          3
p - Passwall              Tmut/Erth      15%        N/A       4%          2

Your spell library contained the following spells:

 Spells                   Type           Power      Damage    Failure   Level
 Searing Ray              Conj           58%        3d5       1%          2
 Dazzling Flash           Conj/Hex       34%        N/A       9%          3
 Animate Skeleton         Necr           10%        N/A       12%         1
 Apportation              Tloc           10%        N/A       12%         1
 Corona                   Hex            5%         N/A       12%         1
 Summon Small Mammal      Summ           20%        N/A       12%         1
 Lee's Rapid Deconstruct  Erth           14%        3d10*     24%         5
 Petrify                  Tmut/Erth      18%        N/A       28%         4
 Fulminant Prism          Conj/Hex       8%         3d7       30%         4
 Iskenderun's Mystic Bla  Conj/Tloc      17%        2d5       30%         4


Dungeon Overview and Level Annotations

Branches:
Dungeon (7/15)             Temple (1/1) D:6           Sewer (visited)

Altars:
Cheibriados
Dithmenos
Elyvilon
Fedhas
Gozag
Hepliaklqana
Kikubaaqudgha
Makhleb
Nemelex Xobeh
Okawaru
Qazlal
Ru
Sif Muna
Wu Jian
Xom
Yredelemnul
Zin

Annotations:
D:2 Natasha
D:6 2 transporters, oberejnoburuli's ghost, novice OpWz
D:7 Maggie


Innate Abilities, Weirdness & Mutations

You are immune to sickness and miasma.
Your stone body is resilient. (AC +6)
You are immune to poison.
You resist negative energy. (rN+)
You are resistant to electric shocks. (rElec)
You are resistant to unholy torment.
You are immune to petrification.


Message History

Press: ? - help, Shift-Dir - straight line, f/p - Maggie
Aim: Maggie, wielding a +2 morningstar of flaming and wearing +0 swamp dragon scales (moderately wounded, 75% to hit)
The stone arrow hits Maggie!
Maggie is severely wounded.
Maggie mumbles some strange words.
Maggie attempts to bespell you! You resist.
Casting: Stone Arrow (dangerous; 2% risk of failure)
Confirm with . or Enter, or press ? or * to list all spells.
Aiming: Stone Arrow (dangerous; 2% risk of failure)
Press: ? - help, Shift-Dir - straight line, f/p - Maggie
Aim: Maggie, wielding a +2 morningstar of flaming and wearing +0 swamp dragon scales (severely wounded, 75% to hit)
The stone arrow hits Maggie!
Maggie is almost dead.
Casting: Stone Arrow (dangerous; 2% risk of failure)
Confirm with . or Enter, or press ? or * to list all spells.
You don't have enough magic to cast this spell.
You barely miss Maggie.
Maggie is almost dead.
Maggie misses you.
You hit Maggie but do no damage.
Maggie is almost dead.
Maggie gestures wildly while chanting.
Maggie attempts to bespell you!
You are mesmerised by Maggie!
You barely miss Maggie.
Maggie is almost dead.
Maggie hits you with a +2 morningstar of flaming!
Maggie burns you.
* * * LOW HITPOINT WARNING * * *
Casting: Stone Arrow (dangerous; 2% risk of failure)
Confirm with . or Enter, or press ? or * to list all spells.
Aiming: Stone Arrow (dangerous; 2% risk of failure)
Press: ? - help, Shift-Dir - straight line, f/p - Maggie
Aim: Maggie, wielding a +2 morningstar of flaming and wearing +0 swamp dragon scales (almost dead, mesmerising, 75% to hit)
The stone arrow hits Maggie.
Maggie is almost dead.
Maggie hits you with a +2 morningstar of flaming!
* * * LOW HITPOINT WARNING * * *
Maggie burns you.
You die...

########.####
#...........##
................#
................##
.................#
.................#
.................#
...............@.#
................@#
.................#
.................#
.................##
..................##
#.....)............##
#.......).......##..###
#......#........####..##
#)....########.##
##..######


You could see Maggie (mesmerising).

Vanquished Creatures
  A wraith (D:6)
  2 ice beasts
  Purgy (Sewer)
  3 black bears
  A necrophage (D:5)
  3 ogres
  2 centaurs
  A kobold brigand (D:7)
  A phantom (D:4)
  A scorpion (D:5)
  2 water moccasin zombies
  2 howler monkeys
  3 jellies (D:5)
  2 orc priests
  A centaur skeleton (D:5)
  6 hounds
  4 bullfrog skeletons
  A gnoll shaman (D:5)
  Natasha (twice) (D:2)
  3 iguanas
  2 orc wizards
  A hound zombie (D:5)
  2 hound skeletons (D:5)
  A howler monkey zombie (D:6)
  A howler monkey skeleton (D:6)
  8 adders
  4 gnolls
  A river rat (D:5)
  A shadow imp (D:7)
  A white imp (D:5)
  An ufetubus (D:5)
  2 worms
  3 dart slugs
  17 orcs
  8 ball pythons
  6 bats
  7 endoplasms
  5 giant cockroaches
  2 goblins
  10 hobgoblins
  6 jackals
  3 quokkas
  10 frilled lizards
  9 kobolds
  8 rats
  A spectral hobgoblin (D:5)
162 creatures vanquished.

Notes
Turn   | Place    | Note
-------+----------+-------------------------------------------
     0 | D:1      | Feb132020 the Gargoyle Earth Elementalist began the quest
                  | for the Orb.
     0 | D:1      | Reached XP level 1. HP: 10/10 MP: 3/3
   109 | D:1      | Learned a level 1 spell: Magic Dart
   210 | D:1      | Reached XP level 2. HP: 10/15 MP: 0/5
   227 | D:1      | Reached skill level 1 in Conjurations
   811 | D:1      | Reached XP level 3. HP: 19/19 MP: 1/6
   814 | D:1      | Learned a level 2 spell: Passwall
  1985 | D:2      | Noticed Natasha
  1987 | D:2      | Killed Natasha
  1988 | D:2      | Reached XP level 4. HP: 24/24 MP: 4/7
  1992 | D:2      | Learned a level 3 spell: Stone Arrow
  2029 | D:2      | Noticed Natasha
  2035 | D:2      | Killed Natasha
  2242 | D:2      | Noticed Natasha
  2828 | D:3      | Reached XP level 5. HP: 28/28 MP: 5/8
  3635 | D:3      | Noticed a kobold brigand
  4252 | D:4      | Noticed a centaur
  4258 | D:4      | Killed a centaur
  4377 | D:4      | Reached XP level 6. HP: 33/33 MP: 6/10
  4446 | D:4      | Noticed a two-headed ogre
  4698 | D:4      | Reached skill level 1 in Fighting
  4835 | D:4      | Reached XP level 7. HP: 26/38 MP: 7/12
  5501 | D:4      | Reached skill level 5 in Conjurations
  5620 | D:5      | Entered Level 5 of the Dungeon
  5620 | D:5      | Found a glowing drain.
  5639 | D:5      | Reached skill level 5 in Earth Magic
  5701 | Sewer    | Entered a sewer
  5769 | Sewer    | Noticed Purgy
  5773 | Sewer    | Killed Purgy
  6641 | D:5      | Found a hazy altar of Hepliaklqana.
  7057 | D:5      | Reached XP level 8. HP: 44/44 MP: 1/15
  7444 | D:5      | Reached skill level 5 in Spellcasting
  7833 | D:5      | Reached skill level 1 in Maces & Flails
  8618 | D:5      | Reached XP level 9. HP: 26/49 MP: 17/17
  9104 | D:6      | Found a transporter.
  9113 | D:6      | Found a transporter.
  9115 | D:6      | Noticed oberejnoburuli's ghost (novice OpWz)
  9597 | D:6      | Found a staircase to the Ecumenical Temple.
  9606 | Temple   | Entered the Ecumenical Temple
  9838 | Temple   | Became a worshipper of Sif Muna the Loreminder
  9877 | D:6      | Found a sacrificial altar of Ru.
  9878 | D:6      | Found a shimmering altar of Xom.
  9888 | D:6      | Found a snail-covered altar of Cheibriados.
  9891 | D:6      | Found an ornate altar of the Wu Jian Council.
 10181 | D:6      | Reached skill level 5 in Maces & Flails
 10456 | D:7      | Found a sparkling altar of Nemelex Xobeh.
 10852 | D:7      | Noticed Maggie
 10877 | D:7      | HP: 1/51 [Maggie/+2 morningstar of flaming (14)]
 10877 | D:7      | Slain by Maggie

Illustrated notes

Levels and vault maps discovered:
D:1:      dpeg_arrival_shelter, layout_basic, serial_forest,
          infiniplex_forest_straight_4, infiniplex_forest_straight_2,
          infiniplex_forest_clump_curved, infiniplex_forest_corner_1,
          infiniplex_forest_lined_ring, infiniplex_forest_straight_2,
          infiniplex_forest_straight_4
D:2:      layout_basic, uniq_natasha
D:3:      cheibrodos_thug_alley, layout_basic, minmay_misc_feat_roman,
          chequers_serial_rivers_small_a
D:4:      layout_basic, lemuel_round_altar
D:5:      minmay_polygon_palace, layout_basic,
          nicolae_hepliaklqana_monster_ancestors, portal_sewer_entry_a,
          minivault_4
D:6:      layout_cave_pods, grunt_temple_overflow_open,
          minmay_temple_entry_butterflies, gammafunk_ghost_stat_death
D:7:      layout_cave_pods, nemelex_spade_bored_becter, lemuel_old_faithful,
          uniq_maggie
Temple:   minmay_temple_curvy_loop

Skill      XL: |  1  2  3  4  5  6  7  8  9 |
---------------+----------------------------+-----
Earth Magic    | 4 5 6 |  6.4
Conjurations   | 2 3 4 5 6 |  6.7
Spellcasting   | 3 4 5 |  5.9
Fighting       | 1 2 3 |  3.4
Dodging        | 2 3 |  3.3
Stealth        | 3 4 |  4.2
Maces & Flails | 3 5 |  5.3
Transmutations | |  0.7

Action                   |  1- 3 |  4- 6 |  7- 9 || total
-------------------------+-------+-------+-------++-------
Melee: Club              |       |    36 |       ||    36
       Mace              |       |    13 |   261 ||   274
 Cast: Sandblast         |    25 |     9 |     2 ||    36
       Magic Dart        |    38 |    86 |   102 ||   226
       Stone Arrow       |       |     6 |    62 ||    68
  Use: Scroll            |       |     6 |     7 ||    13
       Potion            |       |       |     4 ||     4
 Stab: Sleeping          |       |     1 |     1 ||     2
Armor: Robe              |     6 |    22 |   144 ||   172
Dodge: Dodged            |    15 |    48 |   232 ||   295

Table legend: (Time is in decaauts)
 A = Elapsed time spent in this place.
 B = Non-inter-level travel time spent in this place.
 C = Inter-level travel time spent in this place.
 D = Time resting spent in this place.
 E = Time spent auto-exploring this place.
 F = Levels seen in this place.
 G = Mean time per level.
                   A        B        C        D        E       F      G
               +--------+--------+--------+--------+--------+-----+--------+
         Total |  11009 |  10705 |    304 |    651 |   8419 |   9 | 1223.2 |
       Dungeon |  10341 |  10087 |    254 |    651 |   7938 |   7 | 1477.3 |
        Temple |    243 |    194 |     49 |      0 |    193 |   1 |  243.0 |
         Sewer |    424 |    424 |      0 |      0 |    287 |   1 |  424.0 |
               +--------+--------+--------+--------+--------+-----+--------+

Top non-repeatable levels by time:
     D:5: 2882 daAuts
     D:3: 1757 daAuts
     D:4: 1322 daAuts
     D:2: 1312 daAuts
     D:6: 1266 daAuts
     D:1: 1248 daAuts
     D:7: 551 daAuts
   Sewer: 424 daAuts
  Temple: 243 daAuts
